 Dungeon Crawl Stone Soup version 0.30-a0-930-gb9d0489357 (webtiles) character file.

Game seed: 11902644607328445818

375 MachoJfn the Magician (level 7, -1/46 HPs)
             Began as a Djinni Ice Elementalist on Mar 23, 2023.
             Was a Believer of Nemelex Xobeh.
             Killed from afar by an orc wizard (8 damage)
             ... with a magic dart
             ... on level 4 of the Dungeon.
             The game lasted 00:18:12 (3181 turns).

MachoJfn the Magician (Djinni Ice Elementalist)     Turns: 3181, Time: 00:18:13

Health: -1/46      AC: -7    Str: 10    XL:     7   Next: 3%
Gold:   151        EV: 18    Int: 18    God:    Nemelex Xobeh [**....] SH:  0 Dex: 17

rFire   + + .      SeeInvis .    k - +4 short sword "Nurghyut" {heavy, *Corrode rElec rN+ Str+3}
rCold   x . .      Faith    .    (no shield)
rNeg    + . .      Spirit   .    a - +0 robe
rPois   ∞          Reflect  .    (no helmet)
rElec   +          Rampage  .    (no cloak)
rCorr   .                        v - +2 pair of gloves {Dex+3}
Will    +....                    (boots unavailable)
Stlth   ++                       (no amulet)
HPRegen 0.27/turn                c - +5 ring of evasion
MPRegen 0.00/turn                r - ring of willpower

@: corroded, flying
A: sickness immunity, fire resistance 2, cold vulnerability 1, float, innate
caster, HP casting, extra vitality 1
a: Renounce Religion, Draw Escape, Draw Destruction, Draw Summoning


You were on level 4 of the Dungeon.
You worshipped Nemelex Xobeh.
Nemelex Xobeh was pleased with you.
You visited 1 branch of the dungeon, and saw 4 of its levels.

You collected 151 gold pieces.

Inventory:

Hand Weapons
 k - the +4 short sword "Nurghyut" (weapon) {heavy, *Corrode rElec rN+ Str+3}
   (You found it on level 2 of the Dungeon)

   Str:       It affects your strength (+3).
   rElec:     It insulates you from electricity.
   rN:        It protects you from negative energy.
   *Corrode:  It may corrode you when you take damage.
 q - a +1 dagger of freezing
Missiles
 g - 25 stones (quivered)
 l - 6 poisoned darts
 p - a throwing net
Armour
 a - a +0 robe (worn)
 v - a +2 pair of gloves of dexterity (worn)
Jewellery
 c - a +5 ring of evasion (left hand)
 r - a ring of willpower (right hand)
Wands
 u - a wand of polymorph (2)
Potions
 e - 2 potions of flight {unknown}
 f - a potion of brilliance {unknown}
 h - 2 potions of berserk rage
 j - a potion of invisibility {unknown}
 m - 2 potions of curing {unknown}
 o - a potion of degeneration {unknown}
 s - a potion of attraction
 t - a potion of heal wounds {unknown}
 w - a potion of cancellation {unknown}
 x - a potion of haste {unknown}


   Skills:
 + Level 0.8 Fighting
 + Level 1.4 Short Blades
 + Level 3.3 Dodging
 + Level 2.8 Stealth
 + Level 5.1 Spellcasting


You knew the following spells:

 Your Spells              Type           Power      Damage    Failure   Level
a - Freeze                Ice            92%        1d9       1%          1
b - Frozen Ramparts       Ice            46%        1d7       4%          3
c - Ozocubu's Armour      Ice            23%        N/A       4%          3
d - Summon Ice Beast      Ice/Summ       23%        N/A       16%         4
e - Slow                  Hex            92%        N/A       1%          1
f - Ensorcelled Hibernat  Hex/Ice        46%        N/A       2%          2
g - Teleport Other        Tloc           23%        N/A       4%          3
Your spell library was empty.

Dungeon Overview and Level Annotations

Branches:
Dungeon (4/15)
 Temple: D:4-7

Altars:
Nemelex Xobeh

Shops:
D:4 *


Innate Abilities, Weirdness & Mutations

You are immune to sickness and miasma.
You are immune to poison.
Your flesh is very heat resistant. (rF++)
You are vulnerable to cold. (rC-)
You float through the air rather than walking.
You learn spells naturally, not from books.
Your magical power is your life essence.
You have superior vitality. (+4 MHP)


Message History

Something misses you.
You closely miss something. Something hits you.
Something hits you but does no damage.
You completely miss something. Something hits you but does no damage.
You hear some strange, mumbled words.
A puff of flame appears from out of thin air!
The puff of flame hits you. You resist.
Your corrosive artefact corrodes you!
You hit something. Something hits you. Something barely misses you.
You completely miss something. Something closely misses you.
Something hits you.
Your corrosive artefact corrodes you!
You miss something.
You hear some strange, mumbled words.
A puff of flame appears from out of thin air!
The puff of flame misses you.
You hear some strange, mumbled words.
A magic dart appears from out of thin air!
The magic dart hits you.
You draw a card...
You have drawn Wild Magic.
Something invisible sparkles with electricity.
The endoplasm is blasted with air!
You kill the endoplasm!
You feel a surge of magic. Something hits you.
* * * LOW HITPOINT WARNING * * *
Unknown command.
You draw a card...
You have drawn the Illusion.
Suddenly you stand beside yourself. Something hits you.
* * * LOW HITPOINT WARNING * * *
Your corrosive artefact corrodes you!
MachoJfn's illusion closely misses something.
You hear some strange, mumbled words.
Something tries to affect you, but you resist.
MachoJfn's illusion barely misses something.
Something hits you.
* * * LOW HITPOINT WARNING * * *
Something barely misses you.
MachoJfn's illusion hits something.
Something barely misses you.
A magic dart appears from out of thin air!
The magic dart hits you!
You die...
Your body glows slightly and disappears.

#......# #.# ...
#......# #.###.#
#...†..#
#.##..###### ###
#.#'#..#
#.).).......
..###.#.#.†#
#=###.......
..'...#.#..# ###@#
.......
..###.#>#..###..{#
o...... ..#
#...#..##..#.#
..!.... ..#
#...#..##.##@#
....... ..#
#.#∩#......#.#
###..#+ ###
###.###....#.. .+.
#.# #....###. #+#
###.## .. . ..# ..
# ### ###


You could see the friendly MachoJfn's illusion (summoned).

Vanquished Creatures
  An orc warrior (D:4)
  2 scorpions (D:4)
  An orc wizard (D:4)
  3 adders
  An ufetubus (D:4)
  A worm (D:3)
  11 dart slugs
  4 orcs
  6 ball pythons
  4 endoplasms
  3 giant cockroaches
  11 hobgoblins
  7 kobolds
  4 quokkas
  11 bats
  3 frilled lizards
  4 goblins
  6 rats
  A spectral hobgoblin (D:1)
84 creatures vanquished.

Vanquished Creatures (others)
  8 plants (D:3)
8 creatures vanquished.

Grand Total: 92 creatures vanquished

Notes
Turn   | Place    | Note
-------+----------+-------------------------------------------
     0 | D:1      | MachoJfn the Djinni Ice Elementalist began the quest for
                  | the Orb.
     0 | D:1      | MachoJfn set off with the following spells memorised:
                  | Freeze, Frozen Ramparts, Ozocubu's Armour, Summon Ice
                  | Beast.
     0 | D:1      | Reached XP level 1. HP: 15/15 MP: 0/0
   111 | D:1      | Reached XP level 2. HP: 8/21 MP: 0/0
   368 | D:1      | Reached XP level 3. HP: 25/25 MP: 0/0
   368 | D:1      | Learned a level 1 spell: Slow
   404 | D:1      | Found a faded altar of an unknown god.
   573 | D:1      | Prayed at the altar of an unknown god.
   573 | D:1      | Became a worshipper of Nemelex Xobeh the Trickster
   573 | D:1      | Reached * piety under Nemelex Xobeh
   573 | D:1      | Received a gift from Nemelex Xobeh
  1069 | D:2      | Identified the +4 short sword "Nurghyut" {heavy, *Corrode
                  | rElec rN+ Str+3}
  1351 | D:2      | Reached skill level 4 in Spellcasting
  1478 | D:2      | Reached ** piety under Nemelex Xobeh
  1793 | D:2      | Reached XP level 4. HP: 31/31 MP: 0/0
  2005 | D:2      | You are sucked into a shaft and drop 1 floor!
  2255 | D:3      | Received a gift from Nemelex Xobeh
  2272 | D:3      | Reached XP level 5. HP: 34/35 MP: 0/0
  2272 | D:3      | Learned a level 2 spell: Ensorcelled Hibernation
  2977 | D:4      | Reached skill level 1 in Short Blades
  3066 | D:4      | Found Uhauh's Assorted Antiques.
  3082 | D:4      | Reached XP level 6. HP: 39/41 MP: 0/0
  3115 | D:4      | Noticed an orc warrior
  3122 | D:4      | Killed an orc warrior
  3159 | D:4      | Reached skill level 5 in Spellcasting
  3167 | D:4      | Reached XP level 7. HP: 27/46 MP: 0/0
  3167 | D:4      | Learned a level 3 spell: Teleport Other
  3181 | D:4      | Killed from afar by an orc wizard

Illustrated notes

Levels and vault maps discovered:
D:1:      lemuel_arrival_hallway, layout_loops_ring,
          dreamdust_ecumenical_altar_drowned_temple
D:2:      layout_basic, minmay_tromino_v4_c
D:3:      kennysheep_slugbush, layout_basic, serial_forest,
          infiniplex_forest_clump_long, infiniplex_forest_clump_cross,
          infiniplex_forest_clump_diagonal, infiniplex_forest_clump_long,
          infiniplex_forest_lined_3, infiniplex_forest_lined_2,
          infiniplex_forest_zigzag_1, infiniplex_forest_lined_room_3,
          st_stairs_1
D:4:      layout_basic, mainiacjoe_overflow_swirl, kennysheep_mini_moat,
          mainiacjoe_overflow_two_lobes, serial_shops,
          nicolae_shop_hallway_stairs, uniq_sigmund

Skill      XL: |  1  2  3  4  5  6 |
---------------+-------------------+-----
Spellcasting   | 4 5 |  5.1
Stealth        | 2 |  2.8
Short Blades   | 1 |  1.4
Dodging        | 3 |  3.3
Fighting       | |  0.8

Action                     |  1- 3 |  4- 6 |  7- 9 || total
---------------------------+-------+-------+-------++-------
  Melee: Unarmed           |     1 |       |       ||     1
         Short sword       |    58 |    13 |     7 ||    78
         Dagger            |       |    75 |       ||    75
  Throw: Stone             |     1 |     2 |       ||     3
   Cast: Freeze            |    41 |    43 |       ||    84
         Frozen Ramparts   |     3 |     2 |       ||     5
         Ozocubu's Armour  |     2 |       |       ||     2
         Slow              |       |     4 |       ||     4
 Invoke: Draw Destruction  |       |     1 |     1 ||     2
         Draw Summoning    |       |       |     1 ||     1
    Use: Scroll            |       |     5 |       ||     5
         Potion            |       |     1 |       ||     1
   Stab: Sleeping          |     2 |     2 |       ||     4
         Distracted        |       |     1 |       ||     1
 Armour: Robe              |    22 |    30 |     3 ||    55
         Skin              |       |    20 |       ||    20
  Dodge: Dodged            |    93 |    96 |     8 ||   197

Table legend: (Time is in decaauts)
 A = Elapsed time spent in this place.
 B = Non-inter-level travel time spent in this place.
 C = Inter-level travel time spent in this place.
 D = Time resting spent in this place.
 E = Time spent auto-exploring this place.
 F = Levels seen in this place.
 G = Mean time per level.
                   A        B        C        D        E       F      G
               +--------+--------+--------+--------+--------+-----+--------+
         Total |   3189 |   2900 |    289 |    236 |   1997 |   4 |  797.2 |
       Dungeon |   3189 |   2900 |    289 |    236 |   1997 |   4 |  797.2 |
               +--------+--------+--------+--------+--------+-----+--------+

Top non-repeatable levels by time:
     D:1: 1062 daAuts
     D:2: 945 daAuts
     D:3: 863 daAuts
     D:4: 318 daAuts
